 Dungeon Crawl Stone Soup version 0.29-a0-810-g3812dd5c9c (webtiles) character file.

Game seed: 18300489905608157904

7 Infernotoast the Stinger (level 2, 0/19 HPs)
             Began as a Merfolk Venom Mage on July 4, 2022.
             Slain by a quokka (1 damage)
             ... on level 1 of the Dungeon.
             The game lasted 00:02:52 (204 turns).

Infernotoast the Stinger (Merfolk Venom Mage)        Turns: 204, Time: 00:02:53

Health: 0/19       AC:  2    Str:  8    XL:     2   Next: 0%
Magic:  5/5        EV: 13    Int: 14    God:
Gold:   12         SH:  0    Dex: 14    Spells: 4/5 levels left

rFire   . . .      SeeInvis .   c - +0 club
rCold   . . .      Faith    .   (no shield)
rNeg    . . .      Spirit   .   a - +0 robe
rPois   .          Reflect  .   (no helmet)
rElec   .          Harm     .   (no cloak)
rCorr   .          Rampage  .   (no gloves)
Will    .....                   (no boots)
Stlth   ++........              (no amulet)
HPRegen 0.06/turn               (no ring)
MPRegen 0.09/turn               (no ring)

@: no status effects
A: (nimble swimmer 2), mertail
a: no special abilities


You were on level 1 of the Dungeon.
You visited 1 branch of the dungeon, and saw 1 of its levels.

You collected 12 gold pieces.

Inventory:

Hand Weapons
 c - a +0 club (weapon)
 e - a +0 club
 f - a +0 short sword
Armour
 a - a +0 robe (worn)
 g - a +0 robe
Scrolls
 d - a scroll of vulnerability {unknown}
 h - a scroll of fear {unknown}
Potions
 b - a potion of magic


   Skills:
 + Level 0.2 Maces & Flails
 + Level 2.9 Dodging
 + Level 2.2 Stealth
 + Level 2.0 Spellcasting
 + Level 1.3 Transmutations
 + Level 3.5 Poison Magic


You had 4 spell levels left.
You knew the following spells:

 Your Spells              Type           Power      Damage    Failure   Level
a - Sting                 Tmut/Pois      32%        1d4       9%          1

Your spell library contained the following spells:

 Spells                   Type           Power      Damage    Failure   Level
 Poisonous Vapours        Pois/Air       12%        N/A       17%         2
 Mephitic Cloud           Conj/Pois/Air  4%         N/A       41%         3
 Olgreb's Toxic Radiance  Pois           11%        N/A       47%         4


Dungeon Overview and Level Annotations

Branches:
Dungeon (1/15)

Altars:


Innate Abilities, Weirdness & Mutations

((You are very nimble when in or above water. (Stealth+, EV+, Speed+++)))
Your lower body shifts to a powerful aquatic tail in water.


Message History

Found a scroll labelled KUAJIO XUESCHAF.
The hobgoblin hits you.
You see here a rat corpse.
You hit the hobgoblin.
The hobgoblin is heavily wounded.
The hobgoblin misses you.
The hobgoblin hits you but does no damage.
The hobgoblin hits you.
You hit the hobgoblin.
The hobgoblin is severely wounded.
The hobgoblin closely misses you. The hobgoblin barely misses you.
You hit the hobgoblin.
You kill the hobgoblin!
The hobgoblin hits you.
A quokka comes into view.
You have reached level 2!
You hit the quokka but do no damage. The quokka barely misses you.
The hobgoblin closely misses you. The quokka misses you.
The hobgoblin hits you.
* * * LOW HITPOINT WARNING * * *
You miss the quokka.
The quokka bites you but does no damage.
The hobgoblin barely misses you.
You hit the quokka.
The quokka is lightly wounded.
The quokka barely misses you. The hobgoblin hits you.
* * * LOW HITPOINT WARNING * * *
The quokka misses you. The hobgoblin attacks as you move away!
The hobgoblin hits you.
* * * LOW HITPOINT WARNING * * *
The quokka misses you. The quokka attacks as you move away!
The quokka closely misses you. The hobgoblin barely misses you.
The quokka attacks as you move away! The quokka bites you.
* * * LOW HITPOINT WARNING * * *
The hobgoblin attacks as you move away!
The hobgoblin hits you but does no damage.
The quokka closely misses you. The quokka bites you.
You die...

#.# .... #.#
#....
#.##.....
..#...... #
###........
#.#..........
#.#.#r†.....$
#...rg#....?.
###@### .....
#.# ...# #.#
.## #.# #
###.# #...#
#.### #.# #.#


You could see 2 quokkas and a hobgoblin.

Vanquished Creatures
  A goblin (D:1)
  A hobgoblin (D:1)
  A ball python (D:1)
  A frilled lizard (D:1)
  2 kobolds (D:1)
  A rat (D:1)
7 creatures vanquished.

Notes
Turn   | Place    | Note
-------+----------+-------------------------------------------
     0 | D:1      | Infernotoast the Merfolk Venom Mage began the quest for the
                  | Orb.
     0 | D:1      | Reached XP level 1. HP: 13/13 MP: 3/3
   198 | D:1      | Reached XP level 2. HP: 5/19 MP: 5/5
   204 | D:1      | Slain by a quokka

Illustrated notes

Levels and vault maps discovered:
D:1:      dpeg_arrival_short_road, layout_loops_ring, grunt_decor_cap,
          chequers_serial_rivers_room_a

Action                   || total
-------------------------++-------
Melee: Club              ||    14
 Stab: Sleeping          ||     1
Armor: Robe              ||     4
Dodge: Dodged            ||    15

Table legend: (Time is in decaauts)
 A = Elapsed time spent in this place.
 B = Non-inter-level travel time spent in this place.
 C = Inter-level travel time spent in this place.
 D = Time resting spent in this place.
 E = Time spent auto-exploring this place.
 F = Levels seen in this place.
 G = Mean time per level.
                   A        B        C        D        E       F      G
               +--------+--------+--------+--------+--------+-----+--------+
         Total |    207 |    207 |      0 |      0 |      0 |   1 |  207.0 |
       Dungeon |    207 |    207 |      0 |      0 |      0 |   1 |  207.0 |
               +--------+--------+--------+--------+--------+-----+--------+

Top non-repeatable levels by time:
     D:1: 207 daAuts
